 Dungeon Crawl Stone Soup version 0.29.0-11-gd7f09526c8 (webtiles) character file.

Game seed: 9766923298326202671

2487 Arum the Fighter (level 9, -17/71 (75) HPs)
             Began as a Formicid Fighter on Sept 2, 2022.
             Was a Follower of Okawaru.
             Demolished by a bog body (21 damage)
             ... created by the anger of Yredelemnul
             ... on level 6 of the Dungeon.
             The game lasted 00:11:13 (6739 turns).

Arum the Fighter (Formicid Fighter)                 Turns: 6739, Time: 00:11:14

HP:   -17/71 (75)   AC:  9    Str: 24    XL:     9   Next: 81%
MP:   8/9           EV: 13    Int:  9    God:    Okawaru [*.....]
Gold: 292           SH:  7    Dex: 19    Spells: 8/8 levels left

rFire   . . .      SeeInvis +   a - +0 quarterstaff
rCold   . . .      Faith    .   c - +0 buckler
rNeg    . . .      Spirit   .   b - +0 scale mail
rPois   .          Reflect  .   (helmet unavailable)
rElec   .          Harm     .   (no cloak)
rCorr   .          Rampage  .   (no gloves)
Will    .....                   (no boots)
Stlth   ++........              y - amulet of magic regeneration
HPRegen 0.21/turn               j - +6 ring of dexterity
MPRegen 0.51/turn               (no ring)

@: heroic, drained
A: permanent stasis, dig shafts and tunnels, antennae 3, four strong arms
a: Dig, Shaft Self, Renounce Religion, Heroism


You were on level 6 of the Dungeon.
You worshipped Okawaru.
Okawaru was aware of your devotion.
You visited 2 branches of the dungeon, and saw 8 of its levels.

You collected 292 gold pieces.

Inventory:

Hand Weapons
 a - a +0 quarterstaff (weapon)
Armour
 b - a +0 scale mail (worn)
 c - a +0 buckler (worn)
Jewellery
 j - a +6 ring of dexterity (left hand)
 m - a ring of magical power
 y - an amulet of magic regeneration (around neck)
Wands
 p - a wand of polymorph (9)
 q - a wand of digging (6)
Scrolls
 e - 3 scrolls of teleportation {unknown}
 f - 2 scrolls of vulnerability {unknown}
 i - 2 scrolls of magic mapping {unknown}
 n - a scroll of poison {unknown}
 o - 6 scrolls of identify {unknown}
 r - 2 scrolls of noise {unknown}
 s - a scroll of enchant armour {unknown}
 u - a scroll of fog {unknown}
 v - a scroll of torment {unknown}
 x - a scroll of brand weapon {unknown}
 z - a scroll of enchant weapon {unknown}
Potions
 d - a potion of might
 g - 2 potions of degeneration {unknown}
 h - 2 potions of flight {unknown}
 k - 2 potions of heal wounds {unknown}
 l - a potion of berserk rage {unknown}
 t - a potion of curing


   Skills:
 + Level 8.6(13.6) Fighting
 + Level 7.5(12.5) Staves
 + Level 8.6(13.6) Armour
 - Level 4.0(9.0) Shields


You had 8 spell levels left.
You didn't know any spells.
Your spell library contained the following spells:

 Spells                   Type           Power      Damage    Failure   Level
 Apportation              Tloc           0%         N/A       67%         1
 Beastly Appendage        Tmut           0%         N/A       67%         1
 Slow                     Hex            0%         N/A       67%         1
 Wereblood                Tmut           0%         N/A       80%         2
 Confusing Touch          Hex            0%         N/A       95%         3
 Gell's Gravitas          Tloc           0%         N/A       95%         3
 Portal Projectile        Hex/Tloc       0%         N/A       95%         3
 Spider Form              Tmut/Pois      0%         N/A       95%         3
 Teleport Other           Tloc           0%         N/A       95%         3
 Vampiric Draining        Necr           0%         2d6       95%         3
 Leda's Liquefaction      Hex/Erth       0%         N/A       100%        4
 Alistair's Intoxication  Tmut/Pois      0%         N/A       100%        5
 Dispersal                Tloc           0%         N/A       100%        6
 Call Canine Familiar     Summ           Unusable   N/A       N/A         3

Dungeon Overview and Level Annotations

Branches:
Dungeon (7/15)             Temple (1/1) D:4

Altars:
Ashenzari
Cheibriados
Dithmenos
Fedhas
Gozag
Hepliaklqana
Okawaru
Sif Muna
Trog
Vehumet
Wu Jian
Xom
Yredelemnul
Zin
The Shining One


Innate Abilities, Weirdness & Mutations

You cannot be hasted, slowed, berserked, paralysed or teleported.
You can dig through walls and to a lower floor.
You have a pair of large antennae on your head. (SInv)
Your four strong arms can wield two-handed weapons with a shield.


Message History

A white imp comes into view.
The white imp shouts!
The white imp laughs crazily.
The white imp hits you.
* * * LOW HITPOINT WARNING * * *
The white imp freezes you.
* * * LOW HITPOINT WARNING * * *
You completely miss the white imp.
The white imp hits you but does no damage.
You hit the white imp.
The white imp is heavily wounded.
The white imp gestures at you. The puff of frost hits you!
* * * LOW HITPOINT WARNING * * *
You hit the white imp but do no damage.
The white imp is heavily wounded.
The white imp gestures at you. The puff of frost hits you.
* * * LOW HITPOINT WARNING * * *
You thump the white imp!
You kill the white imp!
Okawaru accepts your kill.
There is a stone staircase leading down here.
You start resting.
Yredelemnul sends a servant to punish you.
A bog body comes into view.
You climb downwards.
There is a stone staircase leading up here.
It was a potion of curing.
You feel better.
The bog body points at you and mumbles some strange words.
You resist with significant effort.
You gain the combat prowess of a mighty hero.
The bog body touches you!
* * * LOW HITPOINT WARNING * * *
The bog body freezes you!
* * * LOW HITPOINT WARNING * * *
You feel better. The bog body touches you!
* * * LOW HITPOINT WARNING * * *
The bog body freezes you!!
You die...

# .## .. .## ..
.... ## #. ...<.#≈
## ##. .....#≈
....###n# ##.# #..~
#....@# .##.# #..~
#####.## .# #.#
##.~ #..###.# #.#
##≈ #.#...# #.# #≈
#.#.### #.# #≈
..#.#######.######
####...............
#.######.######.
#.# #.# #.


You could see a bog body.

Vanquished Creatures
  A shadow wraith (D:5)
  A phantasmal warrior (D:6)
  A centaur zombie (D:5)
  2 trolls (D:6)
  Sigmund (D:3)
  2 ice beasts
  A black bear (D:4)
  2 ogres
  A centaur (D:7)
  2 bullfrogs (D:7)
  A scorpion (D:5)
  2 necrophages
  2 wights (D:6)
  2 howler monkeys (D:7)
  2 jellies
  7 orc priests
  A hound (D:4)
  Jessica (D:3)
  Natasha (twice) (D:3)
  2 iguanas
  11 orc wizards
  4 adders
  A shadow imp (D:5)
  3 white imps (D:5)
  An ufetubus (D:5)
  3 worms
  2 dart slugs
  24 orcs
  5 ball pythons
  5 endoplasms
  2 giant cockroaches (D:1)
  3 goblins
  6 hobgoblins
  6 jackals (D:1)
  4 quokkas
  4 bats
  A frilled lizard (D:3)
  2 kobolds (D:2)
  3 rats
126 creatures vanquished.

Vanquished Creatures (collateral kills)
  Natasha (D:3)
  A worm (D:2)
  A bat (D:2)
  A goblin (D:2)
  A kobold (D:1)
  A quokka (D:2)
  A ball python (D:2)
  A rat (D:2)
8 creatures vanquished.

Vanquished Creatures (others)
  3 bat zombies
  2 ball python zombies
  An endoplasm zombie (D:4)
  A frilled lizard zombie (D:3)
  A hobgoblin zombie (D:4)
  6 orc zombies
  A quokka zombie (D:4)
  6 demonic plants (D:5)
21 creatures vanquished.

Grand Total: 155 creatures vanquished

Notes
Turn   | Place    | Note
-------+----------+-------------------------------------------
     0 | D:1      | Arum the Formicid Fighter began the quest for the Orb.
     0 | D:1      | Reached XP level 1. HP: 18/18 MP: 1/1
   159 | D:1      | Reached XP level 2. HP: 18/24 MP: 2/2
   292 | D:1      | Found a faded altar of an unknown god.
   328 | D:1      | Prayed at the altar of an unknown god.
   328 | D:1      | Became a worshipper of Yredelemnul the Dark
   328 | D:1      | Reached * piety under Yredelemnul
   361 | D:1      | Reached XP level 3. HP: 22/30 MP: 3/3
   852 | D:2      | Reached XP level 4. HP: 35/37 MP: 4/4
  1623 | D:3      | Found a basalt altar of Yredelemnul.
  1632 | D:3      | Noticed Jessica
  1636 | D:3      | Killed Jessica
  1637 | D:3      | Reached XP level 5. HP: 43/43 MP: 5/5
  1643 | D:3      | Noticed an ogre
  1660 | D:3      | Noticed Sigmund
  1664 | D:3      | Killed an ogre
  1665 | D:3      | Reached XP level 6. HP: 32/49 MP: 6/6
  1844 | D:3      | Killed Sigmund
  1845 | D:3      | Reached skill level 5 in Fighting
  1845 | D:3      | Reached skill level 5 in Armour
  1963 | D:3      | Reached XP level 7. HP: 56/56 MP: 7/7
  2032 | D:3      | Noticed Natasha
  2038 | D:3      | Killed Natasha
  2192 | D:3      | Noticed Natasha
  2204 | D:3      | Killed Natasha
  2205 | D:3      | Noticed Natasha
  2211 | D:3      | Killed Natasha
  2440 | D:4      | HP: 2/57 [iguana (2)]
  2747 | D:4      | Found a staircase to the Ecumenical Temple.
  2756 | Temple   | Entered the Ecumenical Temple
  3003 | D:4      | Found a shimmering altar of Xom.
  3215 | D:4      | Reached skill level 5 in Staves
  3238 | D:4      | Reached XP level 8. HP: 45/64 MP: 8/8
  3449 | D:4      | Found a radiant altar of Vehumet.
  3579 | Temple   | Fell from the grace of Yredelemnul
  3579 | Temple   | Became a worshipper of Warmaster Okawaru
  3885 | D:5      | Entered Level 5 of the Dungeon
  4612 | D:5      | Reached * piety under Okawaru
  4616 | D:5      | Noticed a shadow wraith
  4618 | D:5      | You fall into a shaft and drop 2 floors!
  4919 | D:7      | Reached XP level 9. HP: 30/68 MP: 6/9
  5230 | D:7      | HP: 1/64 [acid (9)]
  5986 | D:6      | Found a shimmering blue altar of Sif Muna.
  5987 | D:6      | Noticed a troll
  6003 | D:6      | Killed a troll
  6120 | D:6      | Noticed a phantasmal warrior
  6128 | D:6      | Killed a phantasmal warrior
  6298 | D:6      | Found a shadowy altar of Dithmenos.
  6298 | D:6      | Noticed a troll
  6312 | D:6      | Killed a troll
  6567 | D:5      | Killed a shadow wraith
  6735 | D:5      | Noticed a bog body
  6738 | D:6      | HP: 1/71 [bog body[the anger of Yredelemnul] (14)]
  6739 | D:6      | Demolished by a bog body

Illustrated notes

Levels and vault maps discovered:
D:1:      dpeg_arrival_fog, layout_basic,
          chequers_ecumenical_altar_simple_redux, chequers_serial_rivers_room_b
D:2:      layout_basic
D:3:      layout_rooms, mainiacjoe_overflow_brackets,
          kennysheep_generic_room_11, uniq_jessica, uniq_sigmund, uniq_natasha
D:4:      layout_rooms, nicolae_vehumet_altar_sigil, mainiacjoe_overflow_paths,
          minmay_temple_entry_poolview, minmay_a_box_with_orc_wizards_in_it
D:5:      layout_loops_ring, serial_demonic, serial_demonic_f, serial_demonic_c,
          serial_demonic_c, serial_demonic_f
D:6:      layout_loops_ring, hangedman_feature_mirror, hex_large,
          chequers_serial_rivers_micro_a, hangedman_glass_garden
D:7:      layout_rooms, grunt_nemelex_the_gamble, grunt_temple_overflow_open,
          uniq_crazy_yiuf_cottage
Temple:   nicolae_temple_bog_church

Skill      XL: |  1  2  3  4  5  6  7  8  9 |
---------------+----------------------------+-----
Fighting       | 4 5 6 7 8 |  8.6
Armour         | 4 5 6 7 8 |  8.6
Staves         | 3 4 5 6 7 |  7.5
Shields        | |  4.0

Action                   |  1- 3 |  4- 6 |  7- 9 || total
-------------------------+-------+-------+-------++-------
Melee: Quarterstaff      |    88 |    69 |   347 ||   504
Invok: Recall Undead Har |     1 |       |       ||     1
       Heroism           |       |       |    12 ||    12
 Abil: Dig               |       |       |     6 ||     6
       Shaft Self        |       |       |     1 ||     1
Evoke: Wand              |       |       |     9 ||     9
  Use: Potion            |       |       |     3 ||     3
 Stab: Distracted        |       |       |     1 ||     1
Armor: Scale mail        |    48 |    23 |   110 ||   181
Dodge: Dodged            |    48 |    28 |   113 ||   189
Block: Buckler           |    27 |    21 |    79 ||   127
